AoeStats
← Aquamoo♥

Arena

508078598Analyzed
3v3 RM · 11d ago on Sep 20, 2026· 22m 45s· 6 players
Game mode
Random Map
Map size
Normal (6 player)
Population
200
Speed
Normal
Resources
Standard
Victory
Conquest
Starting age
Dark Age
Ending age
Imperial Age
RankedLock teamsTeams togetherTeam positionsShared explorationLock speedFull tech treeHidden civsTurbo modeCheats
Victory
Defeat
🇺🇸 Huns · United States
1163
+15
🇺🇸 Bohemians · United States
1163
+15
🇺🇸 Cumans · United States
1103
+16
🇬🇧 Ethiopians · United Kingdom
1156
-16
🇦🇷 Turks · Argentina
1133
-16
🇺🇸 Persians · United States
1106
-14
Downk
2:24 Loom
10:45 Feudal Age
11:22 Double-Bit Axe
11:32 Gold Mining
12:20 Wheelbarrow
16:33 Horse Collar
19:50 Castle Age
20:50 Bow Saw
20:42 Heavy Plow
21:20 Gold Shaft Mining
21:57 Hand Cart
divineknight
10:38 Feudal Age
16:04 Castle Age
15:22 Double-Bit Axe
15:21 Horse Collar
15:37 Gold Mining
16:35 Loom
emblazon3d
12:25 Feudal Age
13:15 Double-Bit Axe
16:12 Castle Age
14:02 Horse Collar
14:32 Stone Mining
15:18 Gold Mining
16:12 Wheelbarrow
17:02 Bow Saw
16:56 Loom
17:44 Heavy Plow
20:59 Town Watch
Lost Penguin
10:50 Feudal Age
11:35 Loom
15:47 Castle Age
15:03 Horse Collar
18:11 Chemistry
21:27 Wheelbarrow
21:44 Padded Archer Armor
22:51 Double-Bit Axe
NinjaEskimo012
9:01 Feudal Age
10:34 Wheelbarrow
11:54 Double-Bit Axe
13:25 Horse Collar
21:29 Castle Age
19:15 Loom
19:39 Town Watch
21:28 Forging
21:23 Scale Barding Armor
21:21 Scale Mail Armor
Aquamoo♥
12:21 Feudal Age
15:48 Castle Age
15:16 Double-Bit Axe
15:13 Horse Collar
18:09 Bow Saw
21:34 Gold Mining
23:04 Gold Shaft Mining
Connection lost

Rejoining the realm…

Still unreachable

The connection could not be restored.

Session expired

The server has moved on; the page needs a fresh start.